 Dungeon Crawl Stone Soup version 0.29.1-2-gbd0b4ee654 (webtiles) character file.

Game seed: 14179670456972542341

72 GorkyZ the Trooper (level 4, -1/35 HPs)
             Began as a Demonspawn Fighter on Nov 19, 2022.
             Slain by Grinder (5 damage)
             ... on level 3 of the Dungeon.
             The game lasted 00:05:45 (2611 turns).

GorkyZ the Trooper (Demonspawn Fighter)             Turns: 2611, Time: 00:05:45

Health: -1/35      AC:  9    Str: 18    XL:     4   Next: 7%
Magic:  4/4        EV:  6    Int: 10    God:
Gold:   128        SH:  8    Dex: 12    Spells: 3/3 levels left

rFire   + . .      SeeInvis .   a - +0 war axe
rCold   . . .      Faith    .   c - +0 buckler
rNeg    . . .      Spirit   .   v - +0 chain mail
rPois   .          Reflect  .   (no helmet)
rElec   .          Harm     .   (no cloak)
rCorr   .          Rampage  .   (no gloves)
Will    .....                   (no boots)
Stlth   ..........              r - amulet of the acrobat
HPRegen 0.11/turn               l - ring of protection from fire
MPRegen 0.09/turn               (no ring)

@: no status effects
A: claws 1, large bone plates 1
a: no special abilities


You were on level 3 of the Dungeon.
You visited 1 branch of the dungeon, and saw 3 of its levels.

You collected 128 gold pieces.

Inventory:

Hand Weapons
 a - a +0 war axe (weapon)
Missiles
 n - 9 poisoned darts (quivered)
Armour
 b - a +0 scale mail
 c - a +0 buckler (worn)
 v - a +0 chain mail (worn)
Jewellery
 l - a ring of protection from fire (left claw)
 r - an amulet of the acrobat (around neck)
Wands
 u - a wand of mindburst (8)
Scrolls
 e - 2 scrolls of teleportation {unknown}
 f - a scroll of fog {unknown}
 i - 2 scrolls of fear {unknown}
 m - 2 scrolls of immolation {unknown}
 o - a scroll of summoning {unknown}
 p - a scroll of blinking {unknown}
 q - 2 scrolls of identify {unknown}
Potions
 d - a potion of might
 g - 3 potions of ambrosia {unknown}
 h - a potion of attraction {unknown}
 j - a potion of haste {unknown}
 k - a potion of cancellation {unknown}
 s - a potion of brilliance {unknown}
 t - a potion of lignification {unknown}
 w - a potion of heal wounds {unknown}


   Skills:
 + Level 3.4 Fighting
 + Level 2.3 Axes
 + Level 0.6 Throwing
 + Level 3.1 Armour
 + Level 3.1 Shields
 + Level 0.8 Evocations


You had 3 spell levels left.
You didn't know any spells.
Your spell library was empty.

Dungeon Overview and Level Annotations

Branches:
Dungeon (3/15)

Altars:
Hepliaklqana
Sif Muna
Uskayaw

Annotations:
D:3 Grinder


Innate Abilities, Weirdness & Mutations

You have sharp fingernails.
You are partially covered in large bone plates. (SH +4)


Message History

The quokka bites you but does no damage.
You block the quokka's attack.
You slash the quokka!
You kill the quokka!
No target in view!
No target in view!
No target in view!
No target in view!
No target in view!
No target in view!
No target in view!
No target in view!
No target in view!
No target in view!
No target in view!
Grinder comes into view.
Grinder shouts!
Grinder closely misses you.
You barely miss Grinder. Grinder gestures at you.
You suddenly lose the ability to move!
Grinder hits you but does no damage. Grinder hits you.
You writhe in agony.
Grinder completely misses you. Grinder hits you but does no damage.
Grinder says, "DUCK!"
Grinder gestures at you. Pain shoots through your body!
You can move again.
You closely miss Grinder. Grinder gestures at you.
You resist with significant effort.
You barely miss Grinder. Grinder gestures at you.
Pain shoots through your body!
* * * LOW HITPOINT WARNING * * *
Grinder barely misses you.
You barely miss Grinder. Grinder hits you.
* * * LOW HITPOINT WARNING * * *
You writhe in agony.
You die...

#.. ..#.#..........#.##
#.. ..#.#....#.....#...
#... ...........##.#...
#... #.....##.## .#...
#.... #......... #####
#.... #......#.# ###...
#....##......#.###:#...
#....5..........##:#._.
#.....@....#.#.###:#..
#..........#.#.# ###.
#####.....†#.#.########
#......#.#.##.##...
#.......#.#.........
#.......#.###..##...
#.......#.# #.......
####.##.#.###.......
#.##............#


You could see Grinder.

Vanquished Creatures
  2 adders
  A dart slug (D:3)
  An orc (D:3)
  4 bats
  4 endoplasms
  3 giant cockroaches
  4 hobgoblins
  7 jackals
  2 kobolds
  3 quokkas
  3 ball pythons
  3 frilled lizards
  6 goblins
  2 rats
45 creatures vanquished.

Notes
Turn   | Place    | Note
-------+----------+-------------------------------------------
     0 | D:1      | GorkyZ the Demonspawn Fighter began the quest for the Orb.
     0 | D:1      | Reached XP level 1. HP: 18/18 MP: 1/1
   404 | D:1      | Found a faded altar of an unknown god.
   409 | D:1      | Gained mutation: You are partially covered in large bone
                  | plates. (SH +4) [demonic ancestry]
   409 | D:1      | Reached XP level 2. HP: 21/24 MP: 2/2
  1220 | D:2      | Reached XP level 3. HP: 29/29 MP: 3/3
  1948 | D:3      | Found a shimmering blue altar of Sif Muna.
  2035 | D:3      | Found a hazy altar of Hepliaklqana.
  2037 | D:3      | Found a hide-covered altar of Uskayaw.
  2367 | D:3      | Gained mutation: You have sharp fingernails. [demonic
                  | ancestry]
  2367 | D:3      | Reached XP level 4. HP: 20/35 MP: 4/4
  2600 | D:3      | Noticed Grinder
  2604 | D:3      | Paralysed by Grinder for 5 turns
  2611 | D:3      | Slain by Grinder

Illustrated notes

Levels and vault maps discovered:
D:1:      amcnicky_arrival_abandoned_market, layout_basic,
          ebering_ecumenical_altar_rust, kennysheep_crisscross,
          minmay_misc_feat_square
D:2:      layout_loops_ring
D:3:      layout_basic, chequers_temple_overflow_statue_of_worship,
          nicolae_sif_muna_little_library, chequers_serial_rivers_small_b,
          serial_bayou_ford_a, hangedman_decor_growths, uniq_crazy_yiuf_cottage,
          uniq_grinder

Skill      XL: |  1  2 |
---------------+-------+-----
Axes           | 2 |  2.3
Shields        | 3 |  3.1
Armour         | 3 |  3.1
Fighting       | |  3.4
Throwing       | |  0.6
Evocations     | |  0.8

Action                   |  1- 3 |  4- 6 || total
-------------------------+-------+-------++-------
Melee: War axe           |   132 |     9 ||   141
Armor: Scale mail        |    51 |       ||    51
       Chain mail        |     9 |     5 ||    14
Dodge: Dodged            |    73 |     5 ||    78
Block: Buckler           |    54 |     1 ||    55
